 Dungeon Crawl Stone Soup version 0.29.1-1-gd02db6906a (webtiles) character file.

Game seed: 12659435417126501957

464184 treewick the Impregnable (level 23, -3/232 HPs)
             Began as a Minotaur Berserker on Sept 27, 2022.
             Was the Champion of Trog.
             Slain by an ettin
             ... wielding a +0 great mace
              (12 damage)
             ... on level 5 of the Vaults on Oct 3, 2022.
             The game lasted 05:41:22 (51237 turns).

treewick the Impregnable (Minotaur Berserker)      Turns: 51237, Time: 05:41:23

Health: -3/232     AC: 46    Str: 28    XL:     23   Next: 13%
Magic:  7/7        EV: 14    Int: 10    God:    Trog [******]
Gold:   1314       SH:  0    Dex:  8    Spells: 22/22 levels left

rFire   + + .      SeeInvis .   P - +9 great mace (antimagic)
rCold   + . .      Faith    +   (shield currently unavailable)
rNeg    + . .      Spirit   .   H - +8 plate armour of Sin {rElec rF++ Dex-5 Slay+3}
rPois   .          Reflect  .   (helmet restricted)
rElec   +          Harm     .   j - +2 cloak {Stlth+}
rCorr   .          Rampage  .   n - +2 pair of gloves
Will    ++...                   y - +3 pair of mountain boots {steadfast, rC+}
Stlth   ..........              z - amulet of Faar {Faith Will+ Slay+3}
HPRegen 0.48/turn               R - ring of the Gazing Genius {rElec AC+4 Slay+2}
MPRegen 0.10/turn               k - ring of the Destroying Hero {rN+ Int+6 Slay+2}

@: no status effects
A: horns 2, retaliatory headbutt, weak 1, inability to drink after injury 1
}: 3/15 runes: serpentine, barnacled, abyssal
a: Renounce Religion, Berserk, Trog's Hand, Brothers in Arms


You were on level 5 of the Vaults.
You worshipped Trog.
Trog was exalted by your worship.
You visited 8 branches of the dungeon, and saw 42 of its levels.
You visited the Abyss 1 time.
You visited 1 bazaar.
You also visited: Sewer.

You collected 5470 gold pieces.
You spent 4156 gold pieces at shops.

Inventory:

Hand Weapons
 x - the +9 great mace of the Vestibule of Hell {vorpal, rF- rN++ Will+ Stlth+}
   (Trog gifted it to you on level 5 of the Lair of Beasts)

   It inflicts extra damage upon your enemies.
   rF:        It makes you vulnerable to fire.
   rN:        It greatly protects you from negative energy.
   Will:      It increases your willpower.
   Stlth:     It makes you more stealthy.
 P - a +9 antimagic great mace (weapon)
Missiles
 L - 5 throwing nets (quivered)
 Z - 3 silver javelins
Armour
 j - a +2 cloak of stealth (worn)
 n - a +2 pair of gloves (worn)
 y - the +3 pair of mountain boots (worn) {steadfast, rC+}
   (You found it on level 4 of the Shoals)

   It prevents involuntary movement, except for blinking, teleportation, or
   banishment.
   rC:        It protects you from cold.
 B - +0 gold dragon scales
 H - the +8 plate armour of Sin (worn) {rElec rF++ Dex-5 Slay+3}
   (You bought it in a shop in a bazaar)

   Dex:       It affects your dexterity (-5).
   Slay:      It affects your accuracy & damage with ranged weapons and melee
   (+3).
   rF:        It greatly protects you from fire.
   rElec:     It insulates you from electricity.
Jewellery
 k - the ring of the Destroying Hero (right hand) {rN+ Int+6 Slay+2}
   (You found it on level 3 of the Elven Halls)

   [ring of intelligence]

   Int:       It affects your intelligence (+6).
   Slay:      It affects your accuracy & damage with ranged weapons and melee
   (+2).
   rN:        It protects you from negative energy.
 u - a +6 ring of dexterity
 z - the amulet of Faar (around neck) {Faith Will+ Slay+3}
   (You bought it in a shop on level 1 of the Depths)

   [amulet of faith]

   It allows you to gain divine favour quickly.
   Slay:      It affects your accuracy & damage with ranged weapons and melee
   (+3).
   Will:      It increases your willpower.
 G - an amulet of regeneration
 R - the ring of the Gazing Genius (left hand) {rElec AC+4 Slay+2}
   (You found it on level 2 of the Orcish Mines)

   [ring of protection]

   AC:        It affects your AC (+4).
   Slay:      It affects your accuracy & damage with ranged weapons and melee
   (+2).
   rElec:     It insulates you from electricity.
 U - the ring of Sub Ubie {Ice rElec rPois Dex+2}
   (You took it off Josephina on level 2 of the Depths)

   [ring of ice]

   It enhances your ice magic.
   Dex:       It affects your dexterity (+2).
   rF:        It makes you vulnerable to fire.
   rC:        It protects you from cold.
   rElec:     It insulates you from electricity.
   rPois:     It protects you from poison.
Wands
 a - a wand of iceblast (48)
 c - a wand of light (8)
 s - a wand of digging (6)
 w - a wand of polymorph (21)
 D - a wand of mindburst (14)
 E - a wand of charming (19)
Scrolls
 b - 2 scrolls of blinking
 e - 7 scrolls of immolation
 g - 4 scrolls of identify
 q - 3 scrolls of summoning
 t - 6 scrolls of silence
 v - 6 scrolls of magic mapping
 I - 5 scrolls of enchant armour
 N - 9 scrolls of butterflies
 Q - 2 scrolls of fear
 T - 3 scrolls of teleportation
 W - a scroll of poison
Potions
 d - 8 potions of heal wounds
 f - 14 potions of curing
 h - 8 potions of mutation
 m - a potion of flight
 o - 4 potions of haste
 r - 4 potions of ambrosia
 F - 7 potions of lignification
 M - 12 potions of might
 O - 4 potions of magic
 V - a potion of invisibility
 Y - 7 potions of cancellation
Miscellaneous
 i - a lightning rod (4/4)
 l - a phantom mirror
 p - a phial of floods
 A - a tin of tremorstones (2/2)
 C - a box of beasts
 X - a condenser vane


   Skills:
 + Level 24.5 Fighting
 - Level 20.9 Maces & Flails
 - Level 9.8 Throwing
 * Level 25.1 Armour
 * Level 22.1 Dodging
 - Level 3.2 Stealth
 + Level 12.1 Evocations


You had 22 spell levels left.
You didn't know any spells.
Your spell library contained the following spells:

 Spells                   Type           Power      Damage    Failure   Level
 Tukima's Dance           Hex            0%         N/A       98%         3
 Passage of Golubria      Tloc           0%         N/A       100%        4
 Yara's Violent Unravell  Hex/Tmut       0%         3d3       100%        5


Dungeon Overview and Level Annotations

Branches:
Dungeon (15/15)            Temple (0/1) D:7            Lair (5/5) D:10
 Shoals (4/4) Lair:3        Snake (4/4) Lair:2        Slime (0/5) Lair:5
    Orc (2/2) D:10            Elf (3/3) Orc:2        Vaults (5/5) D:13
  Crypt (0/3) Vaults:2     Depths (4/4) D:15            Zot (0/5) Depths:4
  Sewer (visited)

Altars:
Elyvilon
Hepliaklqana
Okawaru
Ru
Wu Jian
Xom
The Shining One
Jiyva

Shops:
D:6 !   Orc:1 *   Orc:2 *::?   Elf:3 :   Snake:2 !=*   Vaults:1 :   Vaults:3 :
Depths:1 :[:=   Depths:2 :

Portals:
Hell: Depths:2 Depths:3 Depths:4
Abyss: Depths:3
Pandemonium: Depths:2 Depths:4
Ziggurat: Depths:4

Annotations:
Vaults:1 2 runed translucent doors, Bailed's ghost, veteran MiMo
Depths:1 1 runed translucent door


Innate Abilities, Weirdness & Mutations

You have a pair of horns on your head.
You reflexively headbutt those who attack you in melee.
You are weak. (Str -2)
You occasionally lose the ability to drink potions when taking damage.


Message History

The vault sentinel hits you but does no damage.
You sock the vault sentinel!
The vault sentinel's magic leaks into the air.
You headbutt the vault sentinel.
The vault sentinel is heavily wounded.
You hear a shout!
The vault sentinel blows a loud note on a signal horn!
An ettin comes into view. It is wielding two +0 dire flails.
You hear a shout! x7
You bludgeon the vault sentinel!!
The vault sentinel's magic leaks into the air.
The vault sentinel is almost dead.
You hear a shout! x2
You barely miss the vault sentinel.
The vault sentinel is almost dead.
Your surroundings suddenly seem different.
A quicksilver dragon and an ettin come into view.
Found a plate armour, a runed great sword, a smoking robe and a morningstar.
The ettin closely misses you. You furiously retaliate!
You headbutt the ettin! The ettin completely misses you.
You sock the ettin!
The ettin is moderately wounded.
The quicksilver dragon breathes dispelling energy at you.
The bolt of dispelling energy hits you but does no damage.
Your magical effects are unravelling.
The ettin hits you with a +0 great mace!!
* * * LOW HITPOINT WARNING * * *
The ettin completely misses you.
You bludgeon the ettin!!
The ettin is almost dead.
The sentinel's mark upon you fades away.
The ettin hits you with a +0 great mace!!
* * * LOW HITPOINT WARNING * * *
The ettin hits you but does no damage.
A deep elf high priest comes into view. It is wielding a +0 falchion.
The deep elf high priest shouts!
The ettin completely misses you. You furiously retaliate!
You headbutt the ettin!
The ettin hits you with a +0 dire flail!
You die...

.... ...# ....# . #####
..# .....# .##....## ##
......# .........
.......# ....... ####
.C... ##).## ...#
##....#### ...###
##....C...#... .....###
#)[..@.D......
.......####[....##.......
..p......##..... #.####.
u.p.......##...e ##
....?......#....
.Dc........##...
.C......... #...
.p......... ....
....[.....


You could see a quicksilver dragon, an ettin and a deep elf high priest.

Vanquished Creatures
  Mara (Vaults:3)
  A juggernaut (Abyss:3)
  Josephina (Depths:2)
  Margery (Vaults:2)
  Saint Roka (Vaults:4)
  3 golden dragons
  A bone dragon (Depths:4)
  Zenata (Vaults:3)
  A tentacled monstrosity (Vaults:5)
  4 liches
  2 titans
  Asterion (Elf:3)
  A walking frostbound tome (Depths:3)
  3 deep elf blademasters
  Mlioglotl (Shoals:2)
  2 deep elf master archers (Elf:3)
  4 sphinxes
  4 tengu reavers
  Gastronok (D:8)
  A shadow dragon (Vaults:5)
  Donald (Shoals:1)
  Roxanne (D:14)
  4 storm dragons
  2 nagarajas
  12 vault wardens
  6 fire giants
  8 deep elf sorcerers
  9 frost giants
  A draconian knight (Depths:4)
  A draconian scorcher (Depths:4)
  2 deep elf elementalists (Elf:3)
  An angel (Abyss:3)
  5 orc warlords
  A draconian shifter (Depths:4)
  8 very ugly things
  12 ironbound preservers
  A spriggan defender (Depths:3)
  9 stone giants
  2 ophanim (Abyss:3)
  2 vampire knights (Depths:2)
  7 deep elf demonologists
  9 ironbound thunderhulks
  2 green draconians (Depths:4)
  8 deep elf annihilators (Elf:3)
  A black draconian (Depths:4)
  An entropy weaver (Vaults:3)
  A purple draconian (Depths:4)
  2 spark wasps (Depths:1)
  8 dire elephants
  3 crystal guardians
  2 merfolk javelineers
  5 ettins
  3 deep elf death magi (Elf:3)
  5 fire dragons
  7 yaktaur captains
  3 jiangshi (Depths:3)
  A deep elf high priest (Vaults:3)
  A quicksilver dragon zombie (Depths:2)
  11 merfolk impalers
  18 vault guards
  A salamander tyrant (Snake:4)
  2 rakshasas
  4 ice dragons
  3 great orbs of eyes
  8 hydras
  2 ogre magi
  2 spriggan air magi (Depths:4)
  3 merfolk avatars
  6 boulder beetles
  6 naga warriors
  4 peacekeepers
  14 two-headed ogres
  7 anacondas
  8 centaur warriors
  34 dancing weapons
  6 death yaks
  3 merfolk aquamancers
  4 satyrs
  An alligator snapping turtle (Shoals:3)
  10 deep troll shamans
  3 ironbound frosthearts
  5 tengu warriors
  13 deep troll earth magi
  7 shock serpents
  A spectral dire elephant (Lair:5)
  19 naga sharpshooters
  5 orc high priests
  2 vampire magi (Depths:3)
  A shock serpent (shapeshifter) (Vaults:2)
  Urug (Lair:2)
  3 thrashing horrors (Abyss:2)
  18 deep elf knights
  A spriggan berserker (Depths:2)
  Sonja (Lair:1)
  2 hell knights (Vaults:2)
  5 salamander mystics
  A spectral anaconda (Lair:5)
  A spectral death yak (Lair:5)
  8 iron trolls
  15 sea snakes
  2 cherubim (Abyss:3)
  48 deep trolls
  11 deep elf archers
  6 glowing orange brains
  A flayed ghost (Depths:1)
  A kraken simulacrum (Shoals:4)
  13 naga ritualists
  A golden dragon skeleton (Depths:2)
  8 wizards
  2 phantasmal warriors
  A bunyip skeleton (Abyss:2)
  14 lindwurms
  16 ironbound convokers
  30 deep elf pyromancers
  21 harpies
  6 necromancers
  18 orc knights
  21 deep elf zephyrmancers
  2 oklob plants (Shoals:1)
  9 salamanders
  3 orc sorcerers (Orc:2)
  33 ugly things
  A fire giant zombie (Depths:2)
  A sphinx skeleton (Depths:2)
  18 mana vipers
  15 manticores
  A will-o-the-wisp (Abyss:2)
  18 fauns
  10 cyclopes
  2 centaur zombies (D:8)
  6 elephants (Lair:5)
  42 black mambas
  Joseph (D:8)
  11 naga magi
  11 merfolk sirens
  3 guardian serpents (Snake:4)
  A centaur skeleton (D:8)
  19 vault sentinels
  A torpor snail (Lair:1)
  A gargoyle (D:12)
  6 water nymphs
  14 cane toads
  3 efreet
  2 rime drakes
  An unseen horror (D:11)
  A spark wasp simulacrum (Depths:2)
  7 komodo dragons
  Psyche (D:8)
  3 freezing wraiths
  38 yaktaurs
  2 tengu conjurers
  A redback zombie (D:8)
  2 hellwings (D:8)
  An ancient zyme (Abyss:2)
  8 trolls
  A golden dragon simulacrum (Depths:2)
  A red devil (Depths:4)
  31 merfolk
  8 wind drakes
  4 polar bears
  A merfolk (shapeshifter) (Vaults:3)
  24 slime creatures
  A tarantella (shapeshifter) (D:14)
  A shadow dragon simulacrum (Depths:2)
  13 dream sheep
  12 snapping turtles
  30 blink frogs
  A hornet (Vaults:5)
  A spectral elephant (Lair:5)
  A frost giant simulacrum (Depths:2)
  2 shadows
  3 wraiths
  43 yaks
  9 water elementals
  12 wyverns
  5 basilisks
  6 fire elementals
  A neqoxec (Abyss:2)
  12 vampire mosquitoes
  A steam dragon (Lair:3)
  2 large abominations (Abyss:2)
  A death yak simulacrum (Lair:5)
  A redback (Vaults:3)
  Edmund (D:5)
  6 wargs
  37 nagas
  4 acid dragons
  A small abomination (Abyss:2)
  9 water moccasins
  2 floating eyes
  A glowing shapeshifter skeleton (Depths:2)
  A hornet zombie (D:8)
  47 orc warriors
  An ice beast (D:7)
  18 ogres
  2 black bears
  11 centaurs
  10 wolves
  A phantom (D:5)
  8 kobold brigands
  23 bullfrogs
  A scorpion (D:7)
  6 gnoll sergeants
  2 necrophages
  3 earth elementals
  2 cane toad simulacra (Lair:5)
  5 wights (D:7)
  10 killer bees
  A howler monkey (D:4)
  An electric eel (Snake:2)
  6 hounds
  26 orc priests
  3 jellies
  2 gnoll boudas
  4 iguanas
  5 yak simulacra (Lair:4)
  21 orc wizards
  A polar bear simulacrum (Lair:4)
  2 wolf simulacra (Lair:4)
  17 gnolls
  6 adders
  A river rat (D:4)
  6 shadow imps
  2 white imps
  An ufetubus (D:5)
  2 worms (D:3)
  116 orcs
  8 bats
  5 endoplasms
  7 giant cockroaches
  6 goblins
  14 hobgoblins
  6 quokkas
  9 ball pythons
  2 frilled lizards (D:1)
  31 kobolds
  4 rats
  3 river rat simulacra (Lair:4)
  8 butterflies (Vaults:2)
  7 plants
  A tentacle (Shoals:4)
1754 creatures vanquished.

Vanquished Creatures (collateral kills)
  Vashnia (Snake:4)
  A nagaraja (Snake:4)
  Aizul (Shoals:4)
  An entropy weaver (Vaults:2)
  A deep elf high priest (Elf:3)
  A salamander tyrant (Snake:4)
  A catoblepas (Lair:5)
  A centaur warrior (D:14)
  4 death yaks
  A naga warrior (Snake:4)
  A dancing weapon (Elf:3)
  4 hell knights (Vaults:2)
  A shock serpent (Snake:4)
  A salamander mystic (Snake:4)
  An obsidian statue (Lair:5)
  3 naga ritualists (Snake:4)
  2 necromancers
  2 mana vipers (Snake:4)
  An orc sorcerer (Orc:2)
  3 salamanders (Snake:4)
  An elephant (Lair:5)
  A naga mage (Snake:2)
  7 black mambas (Snake:4)
  A guardian serpent (Snake:2)
  A water nymph (Shoals:2)
  A merfolk (Shoals:2)
  A troll (D:11)
  4 blink frogs (Lair:3)
  2 basilisks (D:10)
  3 yaks
  A naga (Snake:4)
  A warg (Vaults:4)
  A water moccasin (D:10)
  3 orc warriors (Vaults:4)
  2 orc priests (Orc:2)
  2 orc wizards
  4 orcs
  A butterfly (Vaults:2)
69 creatures vanquished.

Vanquished Creatures (others)
  A merfolk aquamancer (Shoals:1)
  A deep troll earth mage (Vaults:5)
  An ironbound convoker (Vaults:5)
  An ogre (Vaults:3)
  2 foxfires (Abyss:2)
  35 fungi
  105 plants
  3 tentacles (Shoals:4)
  20 withered plants
169 creatures vanquished.

Grand Total: 1992 creatures vanquished

Notes
Turn   | Place    | Note
-------+----------+-------------------------------------------
     0 | D:1      | treewick the Minotaur Berserker began the quest for the
                  | Orb.
     0 | D:1      | Reached XP level 1. HP: 19/19 MP: 0/0
   342 | D:1      | Found a faded altar of an unknown god.
   345 | D:1      | Reached XP level 2. HP: 27/27 MP: 1/1
   783 | D:1      | Reached skill level 3 in Armour
   978 | D:1      | Reached ** piety under Trog
  1087 | D:2      | Reached XP level 3. HP: 28/33 MP: 2/2
  1652 | D:2      | Reached XP level 4. HP: 22/41 MP: 3/3
  2532 | D:3      | Reached XP level 5. HP: 47/47 MP: 4/4
  2580 | D:3      | Identified the +7 ring mail "Lufrofyump" {Harm Fly rC+
                  | Int-3}
  2979 | D:4      | Reached skill level 5 in Maces & Flails
  3083 | D:4      | Reached skill level 4 in Armour
  3301 | D:4      | Reached *** piety under Trog
  3332 | D:4      | Reached skill level 5 in Fighting
  3332 | D:4      | Reached XP level 6. HP: 56/56 MP: 5/5
  3354 | D:4      | Found a glowing drain.
  3380 | Sewer    | Entered a sewer
  3487 | Sewer    | Noticed Pargi
  3821 | D:5      | Entered Level 5 of the Dungeon
  4160 | D:5      | Noticed Edmund
  4176 | D:5      | Killed Edmund
  4177 | D:5      | Reached XP level 7. HP: 61/61 MP: 6/6
  4292 | D:5      | Reached skill level 5 in Armour
  4797 | D:6      | Found Jilolait's Distillery.
  4821 | D:6      | Reached skill level 5 in Dodging
  5265 | D:6      | Reached XP level 8. HP: 64/70 MP: 7/7
  5700 | D:7      | Reached skill level 6 in Armour
  6250 | D:7      | Reached XP level 9. HP: 79/79 MP: 8/8
  6507 | D:7      | Found a staircase to the Ecumenical Temple.
  6648 | D:7      | Reached skill level 7 in Armour
  6686 | D:8      | Noticed a hellwing
  6837 | D:8      | Found a sacrificial altar of Ru.
  6854 | D:8      | Found a shimmering altar of Xom.
  6893 | D:8      | Noticed a two-headed ogre
  6910 | D:8      | Killed a two-headed ogre
  6911 | D:8      | Reached skill level 10 in Maces & Flails
  7056 | D:8      | Killed a hellwing
  7057 | D:8      | Reached skill level 8 in Armour
  7258 | D:8      | Reached XP level 10. HP: 62/90 MP: 9/9
  7382 | D:8      | Noticed Psyche
  7395 | D:8      | Killed Psyche
  7395 | D:8      | Reached **** piety under Trog
  7777 | D:8      | Noticed Gastronok
  8063 | D:8      | Killed Gastronok
  8064 | D:8      | Reached skill level 9 in Armour
  8238 | D:8      | Noticed Joseph
  8250 | D:8      | Killed Joseph
  8703 | D:9      | Reached XP level 11. HP: 99/99 MP: 10/10
  8965 | D:9      | Found an iron altar of Okawaru.
  9063 | D:10     | Entered Level 10 of the Dungeon
  9073 | D:10     | Found a staircase to the Lair.
  9081 | D:10     | Reached skill level 10 in Fighting
  9203 | D:10     | Found a staircase to the Orcish Mines.
  9212 | D:10     | Reached skill level 10 in Armour
  9637 | D:10     | Found a glowing golden altar of the Shining One.
  9785 | D:10     | Noticed a five-headed hydra
  9801 | D:10     | Killed a five-headed hydra
  9844 | D:10     | Found a white marble altar of Elyvilon.
 10338 | D:11     | Reached skill level 10 in Dodging
 10382 | D:11     | Noticed a two-headed ogre
 10390 | D:11     | Killed a two-headed ogre
 10391 | D:11     | Reached skill level 11 in Armour
 10576 | D:11     | Reached XP level 12. HP: 92/112 MP: 11/11
 11015 | Lair:1   | Entered Level 1 of the Lair of Beasts
 11415 | Lair:1   | Reached skill level 12 in Armour
 11499 | Lair:1   | Noticed Sonja
 11513 | Lair:1   | Killed Sonja
 11627 | Lair:2   | You are sucked into a shaft and drop 1 floor!
 11684 | Lair:3   | Noticed a death yak
 11685 | Lair:3   | Noticed a death yak
 11687 | Lair:3   | Noticed a death yak
 11688 | Lair:3   | Noticed a death yak
 11689 | Lair:3   | Noticed a death yak
 11693 | Lair:3   | Killed a death yak
 11696 | Lair:3   | Killed a death yak
 11696 | Lair:3   | Killed a death yak
 11698 | Lair:3   | Killed a death yak
 11702 | Lair:3   | Killed a death yak
 11727 | Lair:3   | Reached XP level 13. HP: 103/125 MP: 12/12
 11751 | Lair:3   | Reached skill level 15 in Fighting
 11778 | Lair:3   | Reached skill level 13 in Armour
 11874 | Lair:3   | Reached ***** piety under Trog
 12103 | Lair:3   | Found a staircase to the Shoals.
 12746 | Lair:4   | Identified the +1 chain mail "Ybouwyig" {rN+ MP+9}
 12873 | Lair:4   | Received a gift from Trog
 13401 | Lair:5   | Entered Level 5 of the Lair of Beasts
 13567 | Lair:5   | Noticed a dire elephant
 13567 | Lair:5   | Noticed a dire elephant
 13580 | Lair:5   | Noticed a dire elephant
 13587 | Lair:5   | Killed a dire elephant
 13607 | Lair:5   | Reached skill level 14 in Armour
 13683 | Lair:5   | Killed a dire elephant
 13691 | Lair:5   | Killed a dire elephant
 13797 | Lair:5   | Reached XP level 14. HP: 140/140 MP: 13/13
 13942 | Lair:5   | Found a viscous altar of Jiyva.
 13943 | Lair:5   | Found a staircase to the Slime Pits.
 14468 | Lair:5   | Identified the +9 great mace of the Vestibule of Hell
                  | {vorpal, rF- rN++ Will+ Stlth+} (Trog gifted it to you on
                  | level 5 of the Lair of Beasts)
 14468 | Lair:5   | Received a gift from Trog
 14545 | Lair:5   | Reached skill level 15 in Armour
 15085 | Lair:2   | Found a staircase to the Snake Pit.
 15087 | Lair:2   | Noticed Urug
 15104 | Lair:2   | Killed Urug
 15520 | Orc:1    | Entered Level 1 of the Orcish Mines
 15639 | Orc:1    | Found Uleisivo's General Store.
 15757 | Orc:2    | Entered Level 2 of the Orcish Mines
 16228 | Orc:2    | Found a staircase to the Elven Halls.
 16303 | Orc:2    | Identified the ring of the Gazing Genius {rElec AC+4
                  | Slay+2}
 16382 | Orc:2    | Noticed an orc warlord
 16393 | Orc:2    | Killed an orc warlord
 16444 | Orc:2    | Found Corint's General Store.
 16506 | Orc:2    | Reached XP level 15. HP: 146/152 MP: 14/14
 16556 | Orc:2    | Found Erualas's Book Shoppe.
 16829 | Orc:2    | Noticed an orc warlord
 16835 | Orc:2    | Killed an orc warlord
 16943 | Orc:2    | Found Ikhlaph's Magic Scroll Boutique.
 16949 | Orc:2    | Bought a scroll of teleportation for 33 gold pieces
 16949 | Orc:2    | Bought a scroll of silence for 104 gold pieces
 16949 | Orc:2    | Bought a scroll of blinking for 82 gold pieces
 16961 | Orc:2    | Found Rewn's Book Shop.
 17366 | Orc:1    | Received a gift from Trog
 17571 | D:12     | Reached skill level 16 in Armour
 18457 | D:13     | Reached skill level 15 in Maces & Flails
 18469 | D:13     | Reached skill level 15 in Dodging
 18695 | D:13     | Found a gate to the Vaults.
 18702 | D:13     | Identified the +0 ring mail of the Breadfruit {*Corrode
                  | Int+3 Dex+4}
 19141 | D:14     | Noticed Roxanne
 19153 | D:14     | Killed Roxanne
 19401 | D:15     | Entered Level 15 of the Dungeon
 19564 | D:15     | Found a staircase to the Depths.
 20268 | D:15     | Reached XP level 16. HP: 163/163 MP: 15/15
 20271 | D:15     | Received a gift from Trog
 20272 | D:15     | Reached skill level 17 in Armour
 20699 | Snake:1  | Entered Level 1 of the Snake Pit
 22625 | Snake:2  | Reached skill level 18 in Armour
 22692 | Snake:2  | You fall into a shaft and drop 1 floor!
 22804 | Snake:2  | Found Cyumol's Jewellery Emporium.
 22806 | Snake:2  | Found Bilanir's Distillery.
 22808 | Snake:2  | Found Dophate's General Store.
 22835 | Snake:2  | Bought the ring "Meulasuz" {rPois rF++ Will+ Str+6} for 984
                  | gold pieces
 22859 | Snake:2  | Bought a potion of heal wounds for 50 gold pieces
 22864 | Snake:2  | Bought a potion of ambrosia for 136 gold pieces
 22864 | Snake:2  | Bought a potion of curing for 51 gold pieces
 22864 | Snake:2  | Bought a potion of might for 68 gold pieces
 24526 | Snake:4  | Entered Level 4 of the Snake Pit
 24669 | Snake:4  | Reached XP level 17. HP: 145/172 MP: 16/16
 24675 | Snake:4  | Received a gift from Trog
 25757 | Snake:4  | Noticed Vashnia
 25784 | Snake:4  | Killed Vashnia
 25785 | Snake:4  | Reached skill level 19 in Armour
 26023 | Snake:4  | Got a serpentine rune of Zot
 26169 | Shoals:1 | Entered Level 1 of the Shoals
 26276 | Shoals:1 | Received a gift from Trog
 27190 | Shoals:2 | Noticed Mlioglotl
 27196 | Shoals:2 | Killed Mlioglotl
 27294 | Shoals:2 | Noticed Donald
 27339 | Shoals:1 | Killed Donald
 27340 | Shoals:1 | Reached XP level 18. HP: 57/172 MP: 17/17
 27627 | Shoals:2 | Identified the +2 chain mail of the Distant Future {-Cast
                  | rC+ Str+8}
 27901 | Shoals:2 | Reached skill level 20 in Armour
 28138 | Shoals:3 | Identified the +5 short sword "Fahecico" {vorpal, SInv}
 28647 | Shoals:3 | Found a runed translucent door.
 28780 | Shoals:3 | Received a gift from Trog
 29365 | Shoals:4 | Entered Level 4 of the Shoals
 29515 | Shoals:4 | Noticed Aizul
 29523 | Shoals:4 | Killed Aizul
 29557 | Shoals:4 | Reached skill level 21 in Armour
 29740 | Shoals:4 | Identified the +11 dagger of Calamity {venom, rCorr}
 30094 | Shoals:4 | Identified the +8 quarterstaff of Disgust {vorpal, Str-5
                  | Int+4 Dex+5}
 30290 | Shoals:4 | Found the +3 pair of mountain boots {steadfast, rC+}
 30532 | Shoals:4 | Got a barnacled rune of Zot
 30903 | Vaults:1 | Entered Level 1 of the Vaults
 30942 | Vaults:1 | Received a gift from Trog
 31369 | Vaults:1 | Identified the +5 long sword of Fiydufit {freeze, rN+}
 31410 | Vaults:1 | Reached XP level 19. HP: 193/193 MP: 18/18
 31474 | Vaults:1 | Found Ycol Rutz's Book Shop.
 31521 | Vaults:1 | Reached skill level 22 in Armour
 31569 | Vaults:1 | Found a large runed translucent door.
 31569 | Vaults:1 | Found a large runed translucent door.
 31572 | Vaults:1 | Noticed Bailed's ghost (veteran MiMo)
 31752 | Vaults:1 | Received a gift from Trog
 32807 | Vaults:2 | Noticed Margery
 32860 | Vaults:2 | Received a gift from Trog
 32906 | Vaults:2 | Found a huge runed gate.
 32906 | Vaults:2 | Found a huge runed gate.
 32906 | Vaults:2 | Found a huge runed gate.
 32906 | Vaults:2 | Found a huge runed gate.
 32906 | Vaults:2 | Found a huge runed gate.
 32906 | Vaults:2 | Found a huge runed gate.
 32907 | Vaults:2 | Found a huge runed gate.
 32907 | Vaults:2 | Found a huge runed gate.
 32907 | Vaults:2 | Found a huge runed gate.
 32907 | Vaults:2 | Found a huge runed gate.
 32910 | Vaults:2 | Found a huge runed gate.
 32910 | Vaults:2 | Found a huge runed gate.
 32910 | Vaults:2 | Found a huge runed gate.
 32910 | Vaults:2 | Found a huge runed gate.
 32910 | Vaults:2 | Found a huge runed gate.
 32910 | Vaults:2 | Found a huge runed gate.
 32910 | Vaults:2 | Found a huge runed gate.
 32914 | Vaults:2 | Found a huge runed gate.
 32923 | Vaults:2 | Killed Margery
 32997 | Vaults:2 | Found a huge runed gate.
 33005 | Vaults:2 | Found a huge runed gate.
 33005 | Vaults:2 | Found a huge runed gate.
 33005 | Vaults:2 | Found a huge runed gate.
 33005 | Vaults:2 | Found a huge runed gate.
 33005 | Vaults:2 | Found a huge runed gate.
 33077 | Vaults:2 | Found a huge runed gate.
 33078 | Vaults:2 | Found a huge runed gate.
 33079 | Vaults:2 | Found a huge runed gate.
 33080 | Vaults:2 | Found a huge runed gate.
 33088 | Vaults:2 | Found a huge runed gate.
 33088 | Vaults:2 | Found a huge runed gate.
 33088 | Vaults:2 | Found a huge runed gate.
 33088 | Vaults:2 | Found a huge runed gate.
 33088 | Vaults:2 | Found a huge runed gate.
 33088 | Vaults:2 | Found a huge runed gate.
 33089 | Vaults:2 | Found a huge runed gate.
 33093 | Vaults:2 | Found a huge runed gate.
 33310 | Vaults:2 | Found a staircase to the Crypt.
 34148 | Vaults:2 | Reached skill level 23 in Armour
 34260 | Vaults:3 | Noticed Mara
 34267 | Vaults:3 | Noticed treewick's illusion
 34271 | Vaults:3 | Killed Mara
 34577 | Vaults:3 | HP: 8/195 [orc knight/+0 war axe (8)]
 34577 | Vaults:3 | HP: 2/195 [orc knight/+0 war axe (6)]
 34896 | Vaults:3 | Reached XP level 20. HP: 196/204 MP: 9/19
 35238 | Vaults:3 | Received a gift from Trog
 35377 | Vaults:3 | Found Dyziukk's Book Shoppe.
 35483 | Vaults:3 | Noticed Zenata
 35502 | Vaults:3 | Killed Zenata
 35722 | Vaults:3 | Identified the +4 hand axe of the Ageing Priest {protect,
                  | rC- rN+ Will++}
 36231 | Vaults:4 | Reached skill level 24 in Armour
 36531 | Vaults:4 | Reached skill level 1 in Throwing
 36638 | Vaults:4 | Reached ****** piety under Trog
 36641 | Vaults:4 | Received a gift from Trog
 36641 | Vaults:4 | Found the +2 Maxwell's thermic engine {flame, freeze}
 36718 | Vaults:4 | Noticed Saint Roka
 36745 | Vaults:4 | Killed Saint Roka
 36746 | Vaults:4 | Reached skill level 5 in Throwing
 36949 | Vaults:4 | Reached skill level 1 in Evocations
 38196 | Elf:1    | Entered Level 1 of the Elven Halls
 38207 | Abyss:1  | Cast into level 1 of the Abyss (deep elf zephyrmancer)
 38283 | Abyss:2  | Received a gift from Trog
 38338 | Abyss:2  | Gained mutation: You occasionally lose the ability to drink
                  | potions when taking damage. [a neqoxec]
 38341 | Abyss:2  | Gained mutation: You are weak. (Str -2) [a neqoxec]
 38383 | Abyss:3  | Noticed a bone dragon
 38427 | Abyss:3  | Found a glowing golden altar of the Shining One.
 38458 | Abyss:3  | Noticed a juggernaut
 38470 | Abyss:3  | Killed a juggernaut
 38476 | Abyss:3  | Got an abyssal rune of Zot
 38481 | Elf:1    | Escaped the Abyss
 38576 | Elf:1    | Reached skill level 5 in Evocations
 39268 | Elf:1    | Reached XP level 21. HP: 206/207 MP: 10/20
 39576 | Elf:2    | Received a gift from Trog
 39808 | Elf:2    | Found a runed translucent gate.
 39808 | Elf:2    | Found a runed translucent gate.
 39808 | Elf:2    | Found a runed translucent gate.
 40445 | Elf:3    | Entered Level 3 of the Elven Halls
 40460 | Elf:3    | Received a gift from Trog
 40633 | Elf:3    | Noticed Asterion
 40652 | Elf:3    | Killed Asterion
 40820 | Elf:3    | Identified the ring of the Destroying Hero {rN+ Int+6
                  | Slay+2}
 40843 | Elf:3    | Identified the +0 buckler "Ileosh" {rN+}
 40878 | Elf:3    | Reached skill level 10 in Evocations
 41002 | Elf:3    | Identified the ring of Miagro Asty {Fly Str+2}
 41628 | Elf:3    | Identified the +8 mace of Trog's Brutal Revenge {flame,
                  | *Slow rC+ Dex+3} (Trog gifted it to you on level 3 of the
                  | Elven Halls)
 41628 | Elf:3    | Received a gift from Trog
 41952 | Elf:3    | Found Ughyl's Book Shoppe.
 42918 | Depths:1 | Entered Level 1 of the Depths
 43054 | Depths:1 | Found Jiat's Armour Boutique.
 43070 | Depths:1 | Found Watyar's Jewellery Shop.
 43107 | Depths:1 | Reached XP level 22. HP: 161/222 MP: 7/21
 43113 | Depths:1 | Found a glowing golden altar of the Shining One.
 43337 | Depths:1 | Found an ornate altar of the Wu Jian Council.
 43377 | Depths:1 | Found Daung's Book Emporium.
 43423 | Depths:1 | Found a flickering gateway to a bazaar.
 43430 | Bazaar   | Entered a bazaar
 43440 | Bazaar   | Found Woak's Distillery.
 43445 | Bazaar   | Found Waiher's Antique Armour Boutique.
 43448 | Bazaar   | Bought a potion of heal wounds for 70 gold pieces
 43448 | Bazaar   | Bought a potion of heal wounds for 70 gold pieces
 43448 | Bazaar   | Bought a potion of haste for 140 gold pieces
 43448 | Bazaar   | Bought a potion of curing for 42 gold pieces
 43449 | Bazaar   | Found Dael's Weapon Shoppe.
 43453 | Bazaar   | Bought a pair of glowing boots for 180 gold pieces
 43453 | Bazaar   | Bought a translucent plate armour for 672 gold pieces
 43453 | Bazaar   | Identified the +8 plate armour of Sin {rElec rF++ Dex-5
                  | Slay+3} (You bought it in a shop in a bazaar)
 43460 | Bazaar   | Found Viyr's General Store.
 43468 | Bazaar   | Bought a potion of curing for 33 gold pieces
 43468 | Bazaar   | Bought a scroll of summoning for 104 gold pieces
 43468 | Bazaar   | Bought a potion of lignification for 33 gold pieces
 43556 | Depths:1 | Found a runed translucent door.
 43612 | Depths:1 | Bought the amulet of Faar {Faith Will+ Slay+3} for 1304
                  | gold pieces
 43756 | Depths:1 | Found Tegunil's Book Boutique.
 44098 | Depths:2 | Received a gift from Trog
 44280 | Depths:2 | Found Gyagetz's Vocational Training.
 44284 | Depths:2 | Found a gateway to Hell.
 44718 | Depths:2 | Found a one-way gate leading to the halls of Pandemonium.
 44854 | Depths:2 | Identified the ring of Sub Ubie {Ice rElec rPois Dex+2}
 44854 | Depths:2 | Noticed Josephina
 44873 | Depths:2 | Killed Josephina
 44880 | Depths:2 | Received a gift from Trog
 45729 | Depths:3 | Reached skill level 1 in Stealth
 45863 | Depths:3 | Paralysed by a floating eye for 3 turns
 45873 | Depths:3 | Paralysed by a floating eye for 2 turns
 46105 | Depths:3 | Identified the +9 flail "Paekaef" {vorpal, Fragile rN++
                  | Str+2} (Trog gifted it to you on level 3 of the Depths)
 46105 | Depths:3 | Received a gift from Trog
 46122 | Depths:3 | Found a one-way gate to the infinite horrors of the Abyss.
 46782 | Depths:3 | Found a hazy altar of Hepliaklqana.
 47066 | Depths:4 | Entered Level 4 of the Depths
 47185 | Depths:4 | Paralysed by a floating eye for 4 turns
 47325 | Depths:4 | Found a one-way gateway to a ziggurat.
 48293 | Depths:4 | Identified the ring "Cyunoer" {rF+ Int+6}
 48417 | Depths:4 | Noticed a golden dragon
 48429 | Depths:4 | Killed a golden dragon
 48455 | Depths:4 | Noticed a golden dragon
 49193 | Depths:4 | Found a gate to the Realm of Zot.
 49512 | Depths:4 | Killed a golden dragon
 50462 | Vaults:5 | Entered Level 5 of the Vaults
 50462 | Vaults:5 | Noticed a golden dragon
 50667 | Vaults:5 | Reached skill level 25 in Armour
 50686 | Vaults:5 | Reached XP level 23. HP: 58/232 MP: 7/22
 50692 | Vaults:5 | HP: 10/348 [hornet (9)]
 50695 | Vaults:5 | HP: 4/348 [yaktaur/bolt[a vault warden] (1)]
 50717 | Vaults:5 | Received a gift from Trog
 51236 | Vaults:5 | HP: 9/232 [ettin/+0 great mace (20)]
 51237 | Vaults:5 | Slain by an ettin

Illustrated notes

Levels and vault maps discovered:
D:1:      spicycebolla_arrival_risky_transporter, layout_basic,
          ebering_ecumenical_altar_box
D:2:      layout_loops_ring
D:3:      layout_loops_corners, minmay_three_crescents
D:4:      layout_basic, portal_sewer_entry_c
D:5:      layout_basic, uniq_edmund
D:6:      layout_basic, serial_shops, shop
D:7:      layout_cave_pools, temple_hall
D:8:      cheibrodos_grave_circle, layout_loops_cross,
          grunt_temple_overflow_open, kennysheep_nondescript, uniq_psyche,
          uniq_gastronok, uniq_joseph
D:9:      layout_cave_pools, kennysheep_okawaru_gauntlet
D:10:     layout_roguey, tso_metal_star, minmay_lair_entry_grove,
          kennysheep_orc_monster_closet_entryway, minmay_ruined_shrine
D:11:     layout_loops_ring
D:12:     layout_cave_pools, hex_medium, minmay_door_square
D:13:     layout_rooms, david_vaults_4, kennysheep_generic_room_8
D:14:     layout_rooms, minmay_misc_feat_diagonals, small_statue_intersection,
          uniq_roxanne
D:15:     grunt_enter_depths_giant_problem, layout_stronghold, drop_trap
Lair:1:   layout_hall_layers, uniq_sonja
Lair:2:   layout_chaotic_city, guppyfry_snake_entry_island, st_stairs_6,
          grunt_megastairs_2, uniq_urug
Lair:3:   layout_roguey, minmay_shoals_entry_beasts, beast_lair_carwin_7
Lair:4:   layout_long_grid, serial_rivers, chequers_serial_rivers_micro_d,
          chequers_serial_rivers_large_a, chequers_serial_rivers_micro_b,
          chequers_serial_rivers_small_3, minmay_holes, eino_house_with_fridge,
          grunt_megastairs_4
Lair:5:   due_jungle_book, layout_misc_corridors, minmay_slime_entry_pillars
Shoals:1: layout_shoals, nicolae_shoals_this_corrosion
Shoals:2: layout_shoals, uniq_donald, uniq_mlioglotl
Shoals:3: layout_shoals, lightli_airlock
Shoals:4: shoals_end_grunt_ice, layout_shoals, nicolae_shoals_dead_sea_scrolls,
          uniq_aizul
Snake:1:  layout_grid_shapes
Snake:2:  layout_layer_cave, nicolae_wooded_promenade, grunt_ministairs_9
Snake:3:  layout_rooms
Snake:4:  johnstein_snake_rune_scales, layout_concentric_octagons,
          serial_bayou_lagoon_a, grunt_ministairs_13, uniq_vashnia
Orc:1:    layout_diamond_mine, serial_shops, nicolae_shop_stone
Orc:2:    pubby_orc_utopia, serial_shops
Elf:1:    eino_elf_arrival_customs, layout_loops_corners, minivault_28
Elf:2:    nicolae_elf_blades_splatter_lattice [nicolae_blade_little_rooms],
          layout_geoelf_octagon, minmay_elf_demonology
Elf:3:    elf_hall, layout_gridlike, serial_shops, nicolae_square_shop,
          uniq_asterion
Vaults:1: advil_vaults_ghost_guards, v_misc_24, st_hourglassy,
          hangedman_vaults_restitches, vaults_mumra_chevron,
          hangedman_vaults_locks, nicolae_vaults_network_periphery,
          ontoclasm_vaults_hangar, nicolae_vaults_three_branches, v_misc_10,
          v_misc_22, nicolae_vaults_shelves_hall, ontoclasm_vaults_chip,
          layout_vaults_ring, serial_shops, shop_coins
Vaults:2: not_door_vault_mu, hangedman_vaults_hat,
          minmay_crypt_entry_nasty_monster, v_misc_32, vaults_dpeg_doors,
          vaults_mumra_bighexcomb, nicolae_vaults_little_squares_4, v_misc_4,
          vaults_room_semicircle, nicolae_vaults_gold_heap,
          vaults_room_ringed_pool, layout_vaults_omnicross, uniq_margery
Vaults:3: hangedman_vaults_river_flow, vaults_room_large_hall,
          hangedman_vaults_unwind, nicolae_vaults_little_squares_6,
          v_alt_pattern_3, nicolae_vaults_network_star, hangedman_vaults_stream,
          v_misc_12, ontoclasm_vaults_pinch, v_rooms_4,
          ontoclasm_vaults_ligature, layout_vaults_omnibox, serial_shops, shop,
          uniq_mara, uniq_zenata
Vaults:4: vaults_room_pools, ontoclasm_vaults_claustrophobia,
          nicolae_vaults_little_squares_3, vaults_mumra_minichess,
          grunt_vaults_funnel, st_smaller_cells, vaults_room_pool,
          layout_vaults_omnigrid, uniq_saint_roka
Vaults:5
Depths:1: layout_cave_shapes, serial_shops, bzr_entry_water,
          kennysheep_mini_moat, shop, nicolae_diamond_shop,
          nicolae_shop_hallway_plus, lightli_too_deep,
          nzn_wu_jian_contemplation, lemuel_angel_altar
Depths:2: cheibrodos_lost_city_excavation, layout_basic, hell_entry, pan_entry,
          infiniplex_staircase_diamond, hangedman_abyss_or_decor_passed,
          nicolae_shop_vocational, uniq_josephina
Depths:3: kennysheep_blocky_room, layout_gridlike, hell_entry, abyss_entry,
          nicolae_hepliaklqana_hippocampus
Depths:4: evilmike_zot_entry_round, layout_gridlike, enter_ziggurat_f,
          rand_demon_pan_entry_4, grunt_hell_entry_dis_grunt

Skill      XL: |  1  2  3  4  5  6  7  8  9 10 11 12 13 14 15 16 17 18 19 20 21 22 23 |
---------------+----------------------------------------------------------------------+-----
Fighting       | 4 5 6 7 8 9 12 14 17 19 20 21 22 23 24 | 24.5
Maces & Flails | 4 5 6 7 9 11 13 14 15 18 20 | 20.9
Armour         | 3 4 5 6 8 9 11 12 14 15 16 18 19 21 23 24 25 | 25.1
Dodging        | 3 4 5 6 7 8 10 11 13 14 15 16 17 18 19 20 21 22 | 22.1
Throwing       | 7 9 |  9.8
Evocations     | 5 10 12 | 12.1
Stealth        | 3 |  3.2

Action                   |  1- 3 |  4- 6 |  7- 9 | 10-12 | 13-15 | 16-18 | 19-21 | 22-24 || total
-------------------------+-------+-------+-------+-------+-------+-------+-------+-------++-------
Melee: Mace              |    86 |    14 |       |       |       |       |       |       ||   100
       Headbutt          |     8 |    28 |    29 |    80 |   170 |   191 |   318 |   193 ||  1017
       Hand axe          |       |   116 |       |       |       |       |       |       ||   116
       Punch             |       |     2 |     2 |     6 |     3 |       |       |       ||    13
       Flail             |       |       |   168 |   398 |   152 |       |       |       ||   718
       Dire flail        |       |       |       |       |   213 |       |       |       ||   213
       Great mace        |       |       |       |       |   463 |   961 |  1156 |   584 ||  3164
Throw: Dart              |     2 |     2 |     6 |     8 |       |       |       |       ||    18
       Javelin           |       |       |       |       |       |       |    14 |     8 ||    22
       Throwing net      |       |       |       |       |       |       |       |     1 ||     1
Invok: Berserk           |     1 |     9 |    13 |    23 |    24 |    14 |    23 |     7 ||   114
       Brothers in Arms  |       |       |       |     3 |     7 |    10 |     5 |       ||    25
       Trog's Hand       |       |       |       |       |       |     2 |     3 |     1 ||     6
Evoke: Wand              |       |       |       |     5 |    15 |     6 |     1 |     1 ||    28
       Phantom mirror    |       |       |       |       |       |       |     1 |       ||     1
       Tin of tremorston |       |       |       |       |       |       |     1 |       ||     1
       Lightning rod     |       |       |       |       |       |       |     1 |       ||     1
       Phial of floods   |       |       |       |       |       |       |     1 |       ||     1
       Condenser vane    |       |       |       |       |       |       |     1 |       ||     1
  Use: Scroll            |       |       |     9 |    15 |     8 |    14 |    10 |     7 ||    63
       Potion            |       |       |       |       |     2 |     3 |     3 |    12 ||    20
 Stab: Sleeping          |       |       |       |       |     1 |     1 |       |       ||     2
       Distracted        |       |       |       |       |     1 |     1 |       |       ||     2
       Invisible         |       |       |       |       |       |       |       |     1 ||     1
Armor: Chain mail        |    48 |    50 |    85 |    16 |       |   118 |   444 |       ||   761
       Ring mail         |       |       |       |   139 |   291 |   281 |    24 |       ||   735
       Plate armour      |       |       |       |       |       |   195 |    57 |   548 ||   800
       Skin              |       |       |       |       |       |       |       |    28 ||    28
Dodge: Dodged            |    40 |    57 |    90 |   314 |   701 |   845 |   783 |   370 ||  3200
       Repelled          |       |       |       |       |       |       |    16 |       ||    16
